 Dungeon Crawl Stone Soup version 0.29-a0-409-gd843f3a48c (webtiles) character file.

Game seed: 12323813582147803495

7 holysushi the Charlatan (level 2, -2/17 HPs)
             Began as a Kobold Artificer on May 15, 2022.
             Succumbed to a kobold's poison
             ... on level 1 of the Dungeon.
             The game lasted 00:00:29 (447 turns).

holysushi the Charlatan (Kobold Artificer)           Turns: 447, Time: 00:00:29

Health: -2/17      AC:  3    Str:  9    XL:     2   Next: 10%
Magic:  2/2        EV: 14    Int: 12    God:
Gold:   53         SH:  0    Dex: 15    Spells: 1/1 levels left

rFire   . . .      SeeInvis +   a - +0 club
rCold   . . .      Faith    .   (no shield)
rNeg    . . .      Spirit   .   b - +0 leather armour
rPois   .          Reflect  .   (no helmet)
rElec   .          Harm     .   (no cloak)
rCorr   .          Rampage  .   (no gloves)
Will    .....                   (no boots)
Stlth   +++.......              (no amulet)
HPRegen 0.05/turn               h - ring of see invisible
MPRegen 0.08/turn               (no ring)

@: mighty, lethally poisoned (-2 -> -10)
A: small, no large weapons, nightstalker 3
a: no special abilities


You were on level 1 of the Dungeon.
You visited 1 branch of the dungeon, and saw 1 of its levels.

You collected 53 gold pieces.

Inventory:

Hand Weapons
 a - a +0 club (weapon)
Armour
 b - a +0 leather armour (worn)
Jewellery
 h - a ring of see invisible (left hand)
Wands
 c - a wand of flame (10) (quivered)
 d - a wand of charming (15)
 e - a wand of iceblast (9)
Scrolls
 g - a scroll of amnesia {unknown}


   Skills:
 + Level 2.2 Fighting
 - Level 0.7 Armour
 - Level 2.4 Dodging
 - Level 1.3 Stealth
 - Level 3.6 Evocations


You had one spell level left.
You didn't know any spells.
Your spell library was empty.

Dungeon Overview and Level Annotations

Branches:
Dungeon (1/15)

Altars:


Innate Abilities, Weirdness & Mutations

You are small and have problems with some larger weapons.
You are completely attuned to the shadows.


Message History

The kobold is severely wounded.
A rat comes into view.
The kobold closely misses you.
There are monsters nearby!
There are monsters nearby!
You closely miss the kobold.
The kobold is moderately wounded.
The kobold closely misses you. x2
There are monsters nearby!
You miss the kobold.
The kobold is moderately wounded.
The kobold hits you but does no damage.
You are poisoned.
There are monsters nearby!
You closely miss the kobold.
The kobold is moderately wounded.
You feel very sick.
The kobold hits you with a +0 dagger of venom.
You are lethally poisoned!
You barely miss the kobold.
The kobold is moderately wounded.
You feel very sick. The rat bites you.
* * * LOW HITPOINT WARNING * * *
The kobold hits you but does no damage. The rat misses you.
The kobold misses you.
Aiming: Throw Flame
Press: ? - help, Shift-Dir - straight line, f - kobold
Aim: a kobold, wielding a +0 dagger of venom (64% to hit)
The puff of flame hits the kobold!
You kill the kobold!
* * * LOW HITPOINT WARNING * * *
You feel sick. The rat closely misses you.
It was a potion of might.
You feel very mighty all of a sudden.
* * * LOW HITPOINT WARNING * * *
You feel sick. The rat barely misses you.
You sock the rat!
You kill the rat!
You die...

#.# .....#
#.#..#
#####.#..#
###...#.#).##
#.......@....
#....#.##..##
###.#.#.##..#
.........).#..#
#.#####....#..#
#.# #......
#.####.#...(
#....)......
#.#####.....


There were no monsters in sight!

Vanquished Creatures
  A goblin (D:1)
  A hobgoblin (D:1)
  2 jackals (D:1)
  A bat (D:1)
  A kobold (D:1)
  2 rats (D:1)
8 creatures vanquished.

Notes
Turn   | Place    | Note
-------+----------+-------------------------------------------
     0 | D:1      | holysushi the Kobold Artificer began the quest for the Orb.
     0 | D:1      | Reached XP level 1. HP: 12/12 MP: 1/1
   427 | D:1      | Reached XP level 2. HP: 17/17 MP: 2/2
   447 | D:1      | Succumbed to a kobold's poison

Illustrated notes

Levels and vault maps discovered:
D:1:      elethiomel_arrival_infinity_welcomes_careful_drivers,
          layout_loops_ring, shapermc_ecumenical_altar_petra,
          dreamdust_wishing_well, minmay_misc_feat_four_crosses

Skill      XL: |  1 |
---------------+----+-----
Fighting       | 2 |  2.2
Armour         | |  0.7
Dodging        | |  2.4
Stealth        | |  1.3
Evocations     | |  3.6

Action                   || total
-------------------------++-------
Melee: Club              ||    23
       Punch             ||     1
Evoke: Wand              ||     5
  Use: Potion            ||     1
 Stab: Sleeping          ||     3
Armor: Leather armour    ||    11
Dodge: Dodged            ||    37

Table legend: (Time is in decaauts)
 A = Elapsed time spent in this place.
 B = Non-inter-level travel time spent in this place.
 C = Inter-level travel time spent in this place.
 D = Time resting spent in this place.
 E = Time spent auto-exploring this place.
 F = Levels seen in this place.
 G = Mean time per level.
                   A        B        C        D        E       F      G
               +--------+--------+--------+--------+--------+-----+--------+
         Total |    453 |    453 |      0 |    211 |    170 |   1 |  453.0 |
       Dungeon |    453 |    453 |      0 |    211 |    170 |   1 |  453.0 |
               +--------+--------+--------+--------+--------+-----+--------+

Top non-repeatable levels by time:
     D:1: 453 daAuts
